AoeStats
← Aye-Aye [LDKoala] - modo furioso

Oasis

508028391Analyzed
4v4 RM · 11d ago on Sep 20, 2026· 46m 5s· 8 players
Game mode
Random Map
Map size
Large (8 player)
Population
200
Speed
Normal
Resources
Standard
Victory
Conquest
Starting age
Dark Age
Ending age
Imperial Age
RankedLock teamsTeams togetherTeam positionsShared explorationLock speedFull tech treeHidden civsTurbo modeCheats
Victory
Defeat
🇲🇾 Gurjaras · Malaysia
974
+16
🇨🇳 Mongols · China
970
+16
🇺🇸 Wu · United States
968
+16
🇨🇿 Persians · Czechia
957
+17
991
-17
989
-16
🇵🇪 Mongols · Peru
976
-16
957
-16
Turan
8:16 Loom
14:11 Feudal Age
15:10 Double-Bit Axe
18:34 Castle Age
18:29 Stone Mining
18:31 Gold Mining
20:51 Wheelbarrow
21:36 Bow Saw
21:35 Town Watch
25:36 Horse Collar
26:40 Kshatriyas
27:19 Hand Cart
27:54 Town Patrol
30:12 Husbandry
30:23 Bloodlines
33:32 Imperial Age
33:16 Scale Mail Armor
33:22 Scale Barding Armor
34:03 Stone Shaft Mining
34:29 Forging
35:12 Conscription
35:32 Hoardings
35:58 Elite Chakram Thrower
37:03 Chain Barding Armor
36:59 Chain Mail Armor
37:31 Gold Shaft Mining
37:24 Elite Shrivamsha Rider
38:57 Plate Barding Armor
42:31 Plate Mail Armor
42:36 Iron Casting
猪头
9:22 Feudal Age
9:09 Loom
10:34 Double-Bit Axe
11:49 Horse Collar
21:28 Castle Age
20:52 Gold Mining
20:53 Stone Mining
22:08 Pikeman
22:51 Scale Mail Armor
29:00 Fletching
29:55 Stone Shaft Mining
31:31 Wheelbarrow
30:41 Town Watch
35:37 Bow Saw
35:35 Heavy Plow
35:54 Hand Cart
36:16 Bodkin Arrow
38:27 Gold Shaft Mining
37:55 Padded Archer Armor
39:57 Leather Archer Armor
39:54 Forging
42:31 Imperial Age
40:43 Squires
42:09 Chain Mail Armor
42:29 Iron Casting
42:14 Town Patrol
42:37 Ballistics
43:32 Conscription
43:21 Bracer
44:49 Bloodlines
44:41 Husbandry
44:49 Thumb Ring
45:43 Parthian Tactics
46:43 Plate Mail Armor
Nech to G Bro
9:56 Feudal Age
13:55 Castle Age
12:09 Double-Bit Axe
12:33 Horse Collar
16:53 Loom
21:01 Heavy Plow
23:50 Wheelbarrow
24:16 Scale Barding Armor
28:04 Bow Saw
28:25 Chain Barding Armor
28:15 Forging
29:23 Bloodlines
29:16 Husbandry
30:13 Hand Cart
31:48 Town Watch
35:59 Imperial Age
34:21 Town Patrol
34:45 Ballistics
34:35 Masonry
35:39 Cavalier
37:12 Plate Barding Armor
37:12 Iron Casting
37:09 Crop Rotation
37:40 Iron Casting
37:00 Gold Mining
37:00 Stone Mining
37:02 Savar
39:08 Two-Man Saw
39:59 Caravan
40:50 Conscription
42:39 Blast Furnace
41:31 Fletching
43:08 Gold Shaft Mining
42:36 Light Cavalry
Im Egotistical
7:50 Loom
10:15 Feudal Age
10:46 Double-Bit Axe
16:25 Wheelbarrow
18:50 Castle Age
19:15 Stone Mining
19:35 Fletching
20:19 Bow Saw
22:29 Horse Collar
23:15 Gold Mining
25:21 Town Watch
25:06 Elite Skirmisher
26:47 Stone Shaft Mining
26:53 Heavy Plow
28:01 Bodkin Arrow
30:34 Ballistics
31:02 Red Cliffs Tactics
32:18 Gold Shaft Mining
32:35 Squires
32:20 Arson
34:31 Hand Cart
34:20 Town Patrol
38:51 Imperial Age
40:08 Conscription
39:50 Sitting Tiger
39:11 Elite Fire Archer
40:10 Padded Archer Armor
40:10 Bracer
43:11 Leather Archer Armor
43:59 Chemistry
ivgash
3:46 Loom
14:00 Feudal Age
14:39 Double-Bit Axe
22:54 Wheelbarrow
24:43 Castle Age
23:03 Horse Collar
27:50 Wheelbarrow
28:48 Fortified Wall
34:17 Gold Mining
34:58 Bow Saw
35:29 Nomads
35:44 Elite Skirmisher
36:31 Thumb Ring
41:34 Hand Cart
44:48 Padded Archer Armor
44:58 Scale Barding Armor
Peppenjaimer (rovastar99)
10:25 Loom
12:11 Feudal Age
16:38 Castle Age
14:56 Double-Bit Axe
26:48 Scale Barding Armor
39:18 Wheelbarrow
41:39 Imperial Age
40:22 Chain Barding Armor
40:33 Bow Saw
43:20 Imperial Age
41:08 Hand Cart
42:05 Bloodlines
41:59 Husbandry
43:28 Cavalier
45:00 Plate Barding Armor
Aye-Aye [LDKoala] - modo furioso
8:22 Loom
10:47 Feudal Age
13:32 Double-Bit Axe
20:18 Castle Age
19:11 Fletching
19:47 Horse Collar
20:31 Crossbowman
22:13 Bodkin Arrow
24:28 Padded Archer Armor
26:24 Ballistics
30:28 Wheelbarrow
29:41 Town Watch
30:59 Heavy Plow
31:17 Bow Saw
33:42 Hand Cart
36:44 Thumb Ring
40:44 Imperial Age
38:16 Scale Mail Armor
38:28 Squires
38:01 Pikeman
39:48 Chain Mail Armor
39:43 Forging
40:45 Halberdier
42:20 Plate Mail Armor
42:35 Conscription
Lembas for breakfast
0:29 Loom
12:59 Feudal Age
18:58 Castle Age
17:32 Horse Collar
17:39 Double-Bit Axe
20:41 Wheelbarrow
26:40 Bow Saw
27:19 Hand Cart
27:09 Heavy Plow
27:28 Squires
30:10 Chemistry
28:45 Elite Skirmisher
29:13 Town Watch
31:01 Ballistics
31:10 Padded Archer Armor
32:52 Wagenburg Tactics
37:15 Imperial Age
35:48 Fletching
36:14 Leather Archer Armor
36:52 Bodkin Arrow
38:21 Houfnice
38:47 Pikeman
40:00 Halberdier
41:40 Conscription
42:55 Scale Mail Armor
43:05 Forging
42:56 Bracer
44:06 Ring Archer Armor
43:52 Chain Mail Armor
45:02 Iron Casting
44:28 Elite Hussite Wagon
Connection lost

Rejoining the realm…

Still unreachable

The connection could not be restored.

Session expired

The server has moved on; the page needs a fresh start.